 Dungeon Crawl Stone Soup version 0.14-a0-3154-g428849b (webtiles) character file.

40724 JEFFREY the Spear-Bearer (level 13, -3/106 HPs)
             Began as a Demonspawn Gladiator on Mar 8, 2014.
             Was the Champion of Jiyva.
             Slain by a death yak (21 damage)
             ... on Level 7 of the Lair of Beasts on Mar 9, 2014.
             The game lasted 02:54:15 (19948 turns).

JEFFREY the Spear-Bearer (Demonspawn Gladiator)    Turns: 19948, Time: 02:54:15

HP  -3/106       AC 20     Str 26      XL: 13   Next: 71%
MP  25/25        EV 21     Int 11      God: Jiyva [******]
Gold 864         SH  0     Dex 21      Spells:  1 memorised, 17 levels left

rFire  . . .     SeeInvis +     b - +6 spear of Eternal War {speed, rC+ Int-2 SInv}
rCold  + . .     Clarity  .     F - +6 ring mail "Sylent" {rN+ Int+2}
rNeg   + + .     Conserve .     (no shield)
rPois  +         rCorr    +     (no helmet)
rElec  .         rRot     +     B - +0 cloak {rPois}
SustAb . .       Spirit   .     w - +1 pair of gloves
rMut   .         Warding  .     O - +1 pair of boots "Budghouni" {+Inv rPois}
Saprov + . .     Stasis   .     (no amulet)
MR     .....                    H - ring "Qoyqeest" {rPois Dex+4}
                                g - ring of positive energy

@: mighty, agile, not resistant to hostile enchantments, fairly stealthy
A: claws 2, slimy green scales 1, foul stench 1, powered by death 2, saprovore 1
a: Request Jelly, Jelly Paralyse, Slimify, Cure Bad Mutation, Renounce Religion,
Evoke Invisibility


You were on level 7 of the Lair of Beasts.
You worshipped Jiyva.
Jiyva was exalted by your worship.
You were completely stuffed.

You visited 3 branches of the dungeon, and saw 22 of its levels.
You also visited: Labyrinth and Bailey.

You collected 1211 gold pieces.
You spent 347 gold pieces at shops.

Inventory:

Hand weapons
 b - the +6,+6 spear of Eternal War (weapon) {speed, rC+ Int-2 SInv}
   (You found it on level 1 of the Lair of Beasts)

   Attacks with this weapon are significantly faster.
   It affects your intelligence (-2).
   It protects you from cold.
   It enhances your eyesight.
 d - a +4,+4 halberd
 x - a +6,+0 trident of dragon slaying
 D - a +4,+2 halberd of flaming
Missiles
 y - a throwing net (quivered)
Armour
 c - a +0 helmet
 w - a +1 pair of gloves (worn)
 B - a +0 cloak of poison resistance (worn)
 F - the +6 ring mail "Sylent" (worn) {rN+ Int+2}
   (You took it off a gnoll on level 4 of the Dungeon)

   It affects your intelligence (+2).
   It protects you from negative energy.
 O - the +1 pair of boots "Budghouni" (worn) {+Inv rPois}
   (You found it on level 10 of the Dungeon)

   It protects you from poison.
   It lets you turn invisible.
Magical devices
 l - a wand of frost (0)
 p - a wand of cold (7)
 C - a wand of polymorph (1)
 E - a wand of disintegration (16)
 J - a wand of teleportation (8)
 M - a wand of digging (11)
 V - a wand of disintegration (4)
Comestibles
 f - 12 bread rations
 m - 9 meat rations
 N - 11 honeycombs
 R - a lychee
 T - 2 apples
 X - a royal jelly
Scrolls
 h - 7 scrolls of identify
 r - a scroll of magic mapping
 t - 3 scrolls of recharging
 z - a scroll of amnesia
 G - 4 scrolls of fear
 I - 3 scrolls of teleportation
 Q - 2 scrolls of enchant weapon II
 S - a scroll of holy word
Jewellery
 a - an uncursed ring of teleport control
 e - an uncursed amulet of resist mutation
 g - a ring of positive energy (left hand)
 o - a +4 ring of protection
 A - an uncursed ring of protection from fire
 H - the ring "Qoyqeest" (right hand) {rPois Dex+4}
   (You found it on level 5 of the Dungeon)

   [ring of poison resistance]

   It affects your dexterity (+4).
 K - a cursed ring of teleportation
 L - a cursed ring of regeneration
 Z - an uncursed ring of protection from cold
Potions
 k - 5 potions of curing
 n - a potion of porridge
 q - a potion of berserk rage
 s - 3 potions of magic
 v - a potion of agility
Books
 j - a book of the Tempests

   Spells                             Type                      Level
   Static Discharge                   Conjuration/Air              3
   *Lightning Bolt                    Conjuration/Air              5
   Fireball                           Conjuration/Fire             5
   Tornado                            Air                          9
   Shatter                            Earth                        9
Miscellaneous
 U - a sack of spiders


   Skills:
 + Level 11.0(7.0) Fighting
 + Level 11.1(7.1) Polearms
 - Level 1.7(0.9) Throwing
 + Level 9.7(5.7) Armour
 + Level 10.6(6.6) Dodging
 + Level 5.0(2.5) Spellcasting
 + Level 5.0(2.5) Air Magic
 - Level 6.0(3.0) Evocations


You had 17 spell levels left.
You knew the following spells:

 Your Spells              Type           Power        Failure   Level  Hunger
a - Lightning Bolt        Conj/Air       #.........   100%        5    ######.


Dungeon Overview and Level Annotations

Branches:
Dungeon (14/16)            Temple (1/1) D:7             Orc (0/4) D:9
   Lair (7/8) D:10         Shoals (0/5) Lair:6        Snake (0/5) Lair:5
  Slime (0/6) Lair:6
 Vaults: D:14-15

Altars:
Ashenzari
Cheibriados
Dithmenos
Elyvilon
Fedhas
Kikubaaqudgha
Makhleb
Nemelex Xobeh
Okawaru
Sif Muna
Trog
Vehumet
Xom
Yredelemnul
Zin
The Shining One
Jiyva

Shops:
D:4 [   D:9 [   D:12 (   D:13 *

Portals:
Trove: D:12 (give 15 potions of curing)


Innate Abilities, Weirdness & Mutations

You have very sharp fingernails.
You are partially covered in slimy green scales (AC +2).
You emit a foul stench, and are resistant to rotting and decay.
You can steal the life force of defeated enemies.
You can tolerate rotten meat.


Message History

The death yak gores you.
You barely miss the death yak.
The death yak is moderately wounded.
You hit the death yak.
The death yak is moderately wounded.
The death yak barely misses you.
You hit the death yak.
The death yak is moderately wounded.
You hit the death yak.
The death yak is moderately wounded.
The death yak gores you!
* * * LOW HITPOINT WARNING * * *
Drink which item? (? for menu, Esc to quit)
You feel very mighty all of a sudden. The death yak gores you!
* * * LOW HITPOINT WARNING * * *
Drink which item? (? for menu, Esc to quit)
You feel agile all of a sudden. The death yak gores you!
You die...

##...............
#......##.##P...
##......####.....
#.......#........
#P...........P...
#......##.....P..
#Y.....f.....#...
##f...........#...
#@YYYYY..Y........
###Y..Y...........
#.....##....##..
#.....##....##..
##.....##.....#..
##......##....Y...
#.#..##...........
##.##..#.#........
##.....#.#.#.....


You could see 6 death yaks and 3 yaks.

Vanquished Creatures
  Snorg (Lair:5)
  A minotaur (Lab)
  8 hydras
  Josephine (D:13)
  A catoblepas (Lair:7)
  Erolcha (D:11)
  An unseen horror (D:11)
  3 hill giants
  A cyclops (D:11)
  A griffon (Lair:7)
  6 spiny frogs
  A black mamba (Lair:5)
  A manticore (D:11)
  Grinder (D:3)
  6 komodo dragons
  5 trolls
  A catoblepas zombie (D:13)
  A queen bee (Lair:1)
  A minotaur skeleton (Lab)
  A snapping turtle (Lair:6)
  A boulder beetle (Lair:6)
  5 blink frogs (Lair:1)
  A shadow (D:13)
  A trapdoor spider (D:13)
  A wolf spider simulacrum (D:13)
  4 basilisks
  A trapdoor spider (shapeshifter) (D:14)
  A vampire (D:12)
  A wraith (D:12)
  2 wyverns
  An elephant slug (Lair:6)
  22 yaks
  2 hungry ghosts
  Eustachio (D:7)
  3 wolves (Lair:1)
  6 hippogriffs
  11 ugly things
  A deep elf fighter (D:8)
  2 gargoyles
  An ogre zombie (D:13)
  Edmund (D:7)
  A hill giant skeleton (D:13)
  A soldier ant (D:12)
  6 water moccasins
  9 porcupines
  2 ice beasts
  A yellow wasp (D:12)
  A phantom (D:9)
  A black bear (D:10)
  5 ogres
  16 orc warriors
  2 sky beasts
  A big kobold (D:14)
  9 crocodiles
  3 centaurs
  Sigmund (D:3)
  Duvessa (D:5)
  17 giant frogs
  11 giant slugs
  2 cyclops zombies (D:13)
  A wyvern zombie (D:6)
  2 gnoll sergeants
  4 scorpions
  43 killer bees
  2 vampire bats (D:2)
  A goliath beetle (D:14)
  A quasit (D:5)
  A wandering mushroom (D:8)
  8 wights (D:7)
  9 crimson imps
  Dowan (D:5)
  11 hounds
  A two-headed ogre zombie (D:11)
  2 jellies (D:9)
  A basilisk skeleton (D:13)
  6 orc priests
  A centaur skeleton (D:5)
  A giant frog skeleton (D:9)
  5 iguanas
  14 orc wizards
  A big fish (Lair:6)
  15 sheep
  15 worker ants
  2 yak simulacra (D:13)
  Ijyb (D:3)
  Jessica (D:2)
  An ogre skeleton (D:5)
  A worker ant zombie (D:9)
  A mummy (D:11)
  11 adders
  A brain worm simulacrum (D:14)
  26 green rats
  24 gnolls
  A giant mite (Lair:5)
  8 worms
  An iguana skeleton (D:8)
  2 adder zombies
  A giant eyeball (D:5)
  9 giant geckos
  An ooze (D:1)
  48 orcs
  A ball python (D:3)
  30 bats
  3 bat skeletons
  7 bat zombies
  A giant cockroach (D:2)
  16 hobgoblins
  20 jackals
  26 kobolds
  7 quokkas
  6 giant newts
  12 goblins
  A jackal skeleton (D:5)
  2 orc skeletons (D:5)
  A quokka skeleton (D:4)
  19 rats
  A rat skeleton (D:8)
  A butterfly (Lair:2)
642 creatures vanquished.

Vanquished Creatures (collateral kills)
  A hill giant (D:13)
1 creature vanquished.

Vanquished Creatures (others)
  A spiny frog (Lair:6)
  A centaur zombie (D:12)
  A fire drake (Lair:7)
  A hippogriff (D:14)
  A porcupine (Lair:6)
  2 orc warriors (D:6)
  A sky beast (D:11)
  An ogre (D:14)
  A crocodile (Lair:6)
  A giant frog (Lair:6)
  A centaur (D:12)
  2 scorpions
  A killer bee (D:12)
  An electric eel (Lair:6)
  A crimson imp (D:11)
  A hound (D:12)
  51 jellies
  3 big fish
  2 orc priests
  A two-headed ogre skeleton (D:12)
  A giant frog skeleton (D:6)
  2 orc wizards
  2 worker ants
  An orc zombie (D:9)
  An adder (Lair:6)
  7 green rats (Lair:7)
  6 orcs
  2 hobgoblins
  A jackal (Lair:6)
  3 kobolds (D:14)
  2 quokkas
  6 bats
  An orc skeleton (D:6)
  6 rats
  2 plants (Lair:7)
118 creatures vanquished.

Grand Total: 761 creatures vanquished

Notes
Turn   | Place    | Note
--------------------------------------------------------------
     0 | D:1      | JEFFREY, the Demonspawn Gladiator, began the quest for the Orb.
     0 | D:1      | Reached XP level 1. HP: 16/16 MP: 1/1
    92 | D:1      | Reached skill level 3 in Polearms
   181 | D:1      | Gained mutation: You have sharp fingernails. [demonic ancestry]
   181 | D:1      | Reached XP level 2. HP: 19/22 MP: 2/2
   798 | D:2      | Found a glowing silver altar of Zin.
  1096 | D:2      | Gained mutation: You are partially covered in slimy green scales (AC +2). [demonic ancestry]
  1096 | D:2      | Reached XP level 3. HP: 18/27 MP: 3/3
  1205 | D:2      | Noticed Jessica
  1218 | D:2      | Killed Jessica
  1218 | D:2      | Reached skill level 4 in Polearms
  1482 | D:2      | Reached XP level 4. HP: 26/33 MP: 4/4
  1483 | D:2      | Found an ancient bone altar of Kikubaaqudgha.
  1483 | D:2      | Noticed a vampire bat
  1484 | D:2      | Noticed a vampire bat
  1505 | D:2      | Killed a vampire bat
  1534 | D:2      | Killed a vampire bat
  1534 | D:2      | Reached skill level 5 in Polearms
  1534 | D:2      | Reached XP level 5. HP: 20/38 MP: 5/5
  1979 | D:3      | Noticed Sigmund
  2250 | D:3      | Noticed Ijyb
  2277 | D:3      | Killed Ijyb
  2296 | D:3      | Reached XP level 6. HP: 38/46 MP: 6/6
  2479 | D:3      | Killed Sigmund
  2641 | D:3      | Noticed Grinder
  2643 | D:3      | Paralysed by Grinder for 7 turns
  2654 | D:3      | Paralysed by Grinder for 7 turns
  2667 | D:3      | Paralysed by Grinder for 3 turns
  2674 | D:3      | Paralysed by Grinder for 3 turns
  2681 | D:3      | Killed Grinder
  2681 | D:3      | Reached skill level 6 in Polearms
  2681 | D:3      | Gained mutation: You can tolerate rotten meat. [demonic ancestry]
  2681 | D:3      | Reached XP level 7. HP: 35/53 MP: 7/7
  2800 | D:4      | Found Theff's Antique Armour Emporium.
  2815 | D:4      | Bought a robe for 21 gold pieces
  2865 | D:4      | Found a bloodstained altar of Trog.
  3031 | D:4      | Got a transparent ring mail
  3047 | D:4      | Identified the +6 ring mail "Sylent" {rN+ Int+2} (You took it off a gnoll on level 4 of the Dungeon)
  3131 | D:4      | Found a basalt altar of Yredelemnul.
  3134 | D:4      | Found a glowing golden altar of the Shining One.
  3135 | D:4      | Noticed an angel
  3143 | D:4      | Noticed a profane servitor
  3373 | D:4      | Bought a pair of gloves for 135 gold pieces
  3388 | D:5      | Entered Level 5 of the Dungeon
  3412 | D:5      | Reached skill level 1 in Armour
  3413 | D:5      | Noticed Duvessa
  3413 | D:5      | Noticed Dowan
  3711 | D:5      | Killed Dowan
  3720 | D:5      | Killed Duvessa
  3805 | D:5      | Gained mutation: You have very sharp fingernails. [demonic ancestry]
  3805 | D:5      | Reached XP level 8. HP: 59/61 MP: 8/8
  3953 | D:5      | Reached skill level 5 in Dodging
  3995 | D:5      | Reached skill level 5 in Fighting
  4003 | D:5      | Got a vibrating tin ring
  4012 | D:5      | Identified the cursed ring "Qoyqeest" {rPois Dex+4} (You found it on level 5 of the Dungeon)
  4076 | D:5      | Reached skill level 7 in Polearms
  4296 | D:5      | Paralysed by a giant eyeball for 4 turns
  4308 | D:5      | Paralysed by a giant eyeball for 2 turns
  4313 | D:5      | Paralysed by a giant eyeball for 2 turns
  4894 | D:6      | Found a shimmering altar of Xom.
  5407 | D:7      | Found a staircase to the Ecumenical Temple.
  5426 | Temple   | Entered the Ecumenical Temple
  5484 | Temple   | Became a worshipper of Ashenzari the Shackled
  5543 | D:7      | Noticed Edmund
  5558 | D:7      | Killed Edmund
  5558 | D:7      | Gained mutation: You can steal the life force of nearby defeated enemies. [demonic ancestry]
  5558 | D:7      | Reached XP level 9. HP: 62/69 MP: 9/9
  5796 | D:7      | Noticed Eustachio
  5816 | D:7      | Killed Eustachio
  6233 | D:8      | Reached skill level 8 in Polearms
  6550 | D:8      | Reached skill level 5 in Armour
  6673 | D:9      | Found a staircase to the Orcish Mines.
  6674 | D:9      | Found Ezij's Armour Shoppe.
  6700 | D:9      | Reached skill level 1 in Evocations
  6700 | D:9      | Gained mutation: You can steal the life force of defeated enemies. [demonic ancestry]
  6700 | D:9      | Reached XP level 10. HP: 39/79 MP: 10/12
  7068 | D:9      | Acquired Ashenzari's first power
  7519 | D:10     | Entered Level 10 of the Dungeon
  7572 | D:10     | Found a basalt altar of Yredelemnul.
  7576 | D:10     | Identified the +1 pair of boots "Budghouni" {+Inv rPois}
  7714 | D:10     | Found a staircase to the Lair.
  7748 | Lair:1   | Entered Level 1 of the Lair of Beasts
  7868 | Lair:1   | Acquired Ashenzari's second power
  7990 | Lair:1   | Reached skill level 9 in Polearms
  8080 | Lair:1   | Reached XP level 11. HP: 72/86 MP: 18/18
  8300 | Lair:1   | Reached skill level 5 in Evocations
  8496 | Lair:1   | Identified the +6 leather armour of the Engineer {Str+3 Dam+3 Stlth++}
  8617 | Lair:2   | Found a labyrinth entrance.
  8628 | Lab      | Entered a labyrinth
  8809 | Lab      | Noticed a minotaur
  8825 | Lab      | Killed a minotaur
  8966 | Lair:1   | Identified the +6,+6 spear of Eternal War {speed, rC+ Int-2 SInv}
  9510 | Lair:2   | Noticed a four-headed hydra
  9535 | Lair:2   | Killed a four-headed hydra
  9930 | Lair:2   | Upgraded the game from 0.14-a0-3134-g2c86dbf to 0.14-a0-3154-g428849b
 10198 | Lair:3   | Noticed a five-headed hydra
 10213 | Lair:3   | Killed a five-headed hydra
 10601 | Lair:3   | Gained mutation: You emit a foul stench, and are resistant to rotting and decay. [demonic ancestry]
 10601 | Lair:3   | Reached XP level 12. HP: 96/96 MP: 21/21
 10679 | Lair:4   | Acquired Ashenzari's third power
 10701 | Lair:4   | Reached skill level 10 in Polearms
 10827 | Lair:4   | Noticed a six-headed hydra
 10838 | Lair:4   | Killed a six-headed hydra
 10838 | Lair:4   | Reached skill level 1 in Spellcasting
 11054 | Lair:4   | Learned a level 5 spell: Lightning Bolt
 11591 | Lair:5   | Reached skill level 1 in Air Magic
 11690 | Lair:5   | Noticed Snorg
 11716 | Lair:5   | Killed Snorg
 11824 | Lair:5   | Identified the +0 leather armour of Honesty {Str+2 Acc+3 Curse}
 11898 | Lair:5   | Noticed a six-headed hydra
 11949 | Lair:5   | Killed a six-headed hydra
 12211 | Lair:5   | Found a staircase to the Snake Pit.
 12435 | Lair:6   | Found a viscous altar of Jiyva.
 12435 | Lair:6   | Found a staircase to the Slime Pits.
 12691 | Lair:6   | Reached skill level 10 in Fighting
 12745 | Lair:6   | Fell from the grace of Ashenzari
 12745 | Lair:6   | Became a worshipper of Jiyva Juakk the Shapeless
 12751 | Lair:6   | Noticed a five-headed hydra
 12766 | Lair:6   | Killed a five-headed hydra
 12983 | Lair:6   | Acquired Jiyva's first power
 13180 | Lair:6   | Acquired Jiyva's second power
 13193 | Lair:6   | Found a staircase to the Shoals.
 13871 | Lair:6   | Noticed a six-headed hydra
 13887 | Lair:6   | Killed a six-headed hydra
 14449 | D:10     | Gained mutation: You are resistant to hostile enchantments. [Jiyva's grace]
 14528 | D:9      | Bought a +0 cloak of poison resistance for 102 gold pieces
 14540 | D:9      | Acquired Jiyva's third power
 14569 | D:9      | Gained mutation: You are covered in fur (AC +1). [Jiyva's grace]
 14643 | D:9      | Acquired Jiyva's fourth power
 14644 | D:9      | Lost mutation: You are resistant to hostile enchantments. [Jiyva's grace]
 14867 | D:8      | Gained mutation: You have a slow metabolism. [Jiyva's grace]
 15023 | D:11     | Found a flagged portal.
 15050 | Bailey   | Entered a bailey
 15405 | Bailey   | Gained mutation: You are resistant to electric shocks. [Jiyva's grace]
 15410 | Bailey   | Gained mutation: You have a pair of small horns on your head. [Jiyva's grace]
 15477 | D:11     | Reached skill level 10 in Dodging
 15544 | D:11     | Gained mutation: You are agile. (Dex +2) [potion of mutation]
 15547 | D:11     | Gained mutation: Your muscles are strong. (Str +2) [potion of mutation]
 15547 | D:11     | Lost mutation: You have a pair of small horns on your head. [potion of mutation]
 15548 | D:11     | Lost mutation: Your muscles are strong. (Str +2) [potion of mutation]
 15548 | D:11     | Lost mutation: You have a slow metabolism. [potion of mutation]
 15548 | D:11     | Gained mutation: Your flesh is heat resistant. [potion of mutation]
 15747 | D:11     | Gained mutation: You have a small jelly attached to you that may absorb incoming projectiles. [Jiyva's grace]
 15810 | D:11     | Noticed Erolcha
 15832 | D:11     | Lost mutation: Your flesh is heat resistant. [Jiyva's grace]
 15834 | D:11     | Reached XP level 13. HP: 84/104 MP: 21/22
 15898 | D:11     | Killed Erolcha
 16118 | D:3      | Gained mutation: Your skin is partially translucent. [Jiyva's grace]
 16453 | D:12     | Lost mutation: You are resistant to electric shocks. [Jiyva's grace]
 16543 | D:12     | Found a portal to a secret trove of treasure.
 16708 | D:12     | Gained mutation: You have a slow metabolism. [Jiyva's grace]
 16713 | D:12     | Found Tuaphyett's Weapon Boutique.
 16781 | D:12     | Gained mutation: You have large cloven feet. [potion of mutation]
 16983 | D:13     | Noticed Josephine
 16994 | D:13     | Killed Josephine
 17126 | D:13     | Lost mutation: You have a slow metabolism. [Jiyva's grace]
 17719 | D:13     | Found Klainazo's Assorted Antiques.
 17730 | D:13     | Bought a murky purple potion for 27 gold pieces
 17730 | D:13     | Bought a potion of curing for 62 gold pieces
 17773 | D:13     | Gained mutation: You digest meat inefficiently. [potion of mutation]
 17773 | D:13     | Lost mutation: You are covered in fur (AC +1). [potion of mutation]
 17773 | D:13     | Gained mutation: You have a fast metabolism. [potion of mutation]
 17774 | D:13     | Lost mutation: You digest meat inefficiently. [Jiyva's power]
 17775 | D:13     | Lost mutation: You have a fast metabolism. [Jiyva's power]
 18497 | D:14     | Reached skill level 11 in Polearms
 18544 | D:14     | Gained mutation: Your magical capacity is low (-10% MP). [potion of mutation]
 18544 | D:14     | Lost mutation: Your magical capacity is low (-10% MP). [potion of mutation]
 18544 | D:14     | Gained mutation: You have a slow metabolism. [potion of mutation]
 18545 | D:14     | Gained mutation: You have a pair of small horns on your head. [potion of mutation]
 18545 | D:14     | Gained mutation: Your vision is a little blurry. [potion of mutation]
 18545 | D:14     | Gained mutation: Your body is slowly deteriorating. [potion of mutation]
 18546 | D:14     | Lost mutation: Your vision is a little blurry. [Jiyva's power]
 18547 | D:14     | Lost mutation: Your body is slowly deteriorating. [Jiyva's power]
 18693 | D:14     | Lost mutation: You have a pair of small horns on your head. [Jiyva's grace]
 19572 | Lair:7   | Gained mutation: Your body is partially covered in golden eyeballs (Acc +3). [Jiyva's grace]
 19586 | Lair:7   | Noticed a five-headed hydra
 19599 | Lair:7   | Killed a five-headed hydra
 19599 | Lair:7   | Reached skill level 5 in Air Magic
 19653 | Lair:7   | Lost mutation: You have a small jelly attached to you that may absorb incoming projectiles. [potion of cure mutation]
 19653 | Lair:7   | Lost mutation: Your skin is partially translucent. [potion of cure mutation]
 19653 | Lair:7   | Lost mutation: Your body is partially covered in golden eyeballs (Acc +3). [potion of cure mutation]
 19653 | Lair:7   | Lost mutation: You have large cloven feet. [potion of cure mutation]
 19653 | Lair:7   | Lost mutation: You have a slow metabolism. [potion of cure mutation]
 19771 | Lair:7   | Lost mutation: You are agile. (Dex +2) [Jiyva's grace]
 19811 | Lair:7   | Reached skill level 5 in Spellcasting
 19948 | Lair:7   | Slain by a death yak

Action                   |  1- 3 |  4- 6 |  7- 9 | 10-12 | 13-15 || total
-------------------------+-------+-------+-------+-------+-------++-------
Melee: Trident           |   121 |    73 |       |       |       ||   194
       Halberd           |       |   114 |   540 |   518 |    25 ||  1197
       Spear             |       |       |       |  1211 |   868 ||  2079
Throw: Throwing net      |     3 |     8 |     3 |     2 |       ||    16
Invok: Request Jelly     |       |       |       |     5 |       ||     5
       Cure Bad Mutation |       |       |       |     1 |     4 ||     5
Evoke: Wand              |       |       |     4 |     6 |     2 ||    12
  Use: Scroll            |       |    11 |    17 |    16 |     4 ||    48
       Potion            |       |     2 |     2 |    22 |    10 ||    36
 Stab: Sleeping          |     1 |     1 |       |     2 |       ||     4
       Held in net/web   |     3 |     1 |     1 |     3 |       ||     8
       Distracted        |       |       |       |       |     2 ||     2
